 Dungeon Crawl Stone Soup version 0.28.0-53-g5a82cb258f (webtiles) character file.

Game seed: 7685529773681275702

6993 Peloso the Cleaver (level 10, -14/86 HPs)
             Began as a Minotaur Fighter on June 14, 2022.
             Was a High Priest of Okawaru.
             Demolished by a boulder beetle (21 damage)
             ... on level 8 of the Dungeon.
             The game lasted 00:17:58 (8593 turns).

Peloso the Cleaver (Minotaur Fighter)               Turns: 8593, Time: 00:17:58

Health: -14/86     AC: 17    Str: 23    XL:     10   Next: 81%
Magic:  10/10      EV: 14    Int:  9    God:    Okawaru [*****.]
Gold:   436        SH:  5    Dex: 12    Spells: 9/9 levels left

rFire   . . .      SeeInvis .   b - +9 hand axe of Sequestration {vorpal, Int+4 Stlth+}
rCold   . . .      Faith    .   c - +0 buckler
rNeg    . . .      Spirit   .   s - +0 chain mail
rPois   .          Reflect  .   (helmet restricted)
rElec   .          Harm     .   p - +0 cloak
rCorr   .          Rampage  .   v - +1 pair of gloves
Will    .....                   m - +0 pair of boots
Stlth   ..........              (no amulet)
HPRegen 0.24/turn               j - +4 ring of evasion
MPRegen 0.12/turn               f - ring of flight

@: flying
A: horns 2, retaliatory headbutt
a: Renounce Religion, Heroism, Finesse, Duel


You were on level 8 of the Dungeon.
You worshipped Okawaru.
Okawaru was extremely pleased with you.
You visited 1 branch of the dungeon, and saw 8 of its levels.
You also visited: Sewer and Bailey.

You collected 436 gold pieces.

Inventory:

Hand Weapons
 a - a +0 long sword
 b - the +9 hand axe of Sequestration (weapon) {vorpal, Int+4 Stlth+}
   (You found it on level 4 of the Dungeon)

   It inflicts extra damage upon your enemies.
   Int:       It affects your intelligence (+4).
   Stlth:     It makes you more stealthy.
Missiles
 x - 3 throwing nets (quivered)
Armour
 c - a +0 buckler (worn)
 m - a +0 pair of boots (worn)
 p - a +0 cloak (worn)
 s - a +0 chain mail (worn)
 v - a +1 pair of gloves (worn)
Jewellery
 f - a ring of flight (right hand)
 h - a ring of magical power
 j - a +4 ring of evasion (left hand)
 k - a ring of magical power
 B - a ring of wizardry
Wands
 w - a wand of acid (7)
Scrolls
 d - a scroll of blinking {unknown}
 i - 4 scrolls of teleportation
 l - 2 scrolls of torment {unknown}
 o - 2 scrolls of enchant armour {unknown}
 q - a scroll of magic mapping
 r - a scroll of silence {unknown}
 t - a scroll of summoning {unknown}
 u - a scroll of immolation {unknown}
 y - 2 scrolls of enchant weapon {unknown}
 A - 2 scrolls of noise {unknown}
 G - a scroll of fog {unknown}
 H - a scroll of fear {unknown}
Potions
 e - 7 potions of haste
 g - a potion of invisibility
 n - 2 potions of curing
 z - 2 potions of brilliance
 C - a potion of ambrosia
 D - a potion of mutation {unknown}
 E - 2 potions of heal wounds {unknown}
 F - a potion of magic {unknown}


   Skills:
 + Level 7.6 Fighting
 + Level 7.4 Long Blades
 + Level 11.0 Axes
 + Level 10.0 Armour
 + Level 5.7 Dodging
 + Level 1.8 Stealth
 + Level 7.1 Shields
 + Level 1.9 Invocations
 + Level 0.2 Evocations


You had 9 spell levels left.
You didn't know any spells.
Your spell library contained the following spells:

 Spells                   Type           Power      Damage    Failure   Level
 Apportation              Tloc           0%         N/A       96%         1
 Scorch                   Fire           0%         2d5       99%         2
 Gell's Gravitas          Tloc           0%         N/A       100%        3
 Lesser Beckoning         Tloc           0%         N/A       100%        3
 Teleport Other           Tloc           0%         N/A       100%        3
 Flame Wave               Conj/Fire      0%         2d4       100%        4
 Leda's Liquefaction      Hex/Erth       0%         N/A       100%        4
 Lee's Rapid Deconstruct  Erth           0%         3d5*      100%        5
 Statue Form              Tmut/Erth      0%         N/A       100%        6
 Animate Skeleton         Necr           Unusable   N/A       N/A         1
 Summon Small Mammal      Summ           Unusable   N/A       N/A         1
 Summon Cactus Giant      Summ           Unusable   N/A       N/A         6

Dungeon Overview and Level Annotations

Branches:
Dungeon (8/15)             Temple (0/1) D:6           Sewer (visited)
 Bailey (visited)
   Lair: D:8-11

Altars:
Ashenzari
Okawaru
Wu Jian
Zin

Annotations:
D:5 2 transporters, kalagan's ghost, novice DECj
D:6 1 runed translucent door, Cral's ghost, novice DEFE
D:7 1 runed translucent door, Faeu's ghost, novice MiBe


Innate Abilities, Weirdness & Mutations

You have a pair of horns on your head.
You reflexively headbutt those who attack you in melee.


Message History

The boulder beetle is heavily wounded.
The boulder beetle bites you.
You hit the boulder beetle. You headbutt the boulder beetle!
The boulder beetle is severely wounded.
The boulder beetle closely misses you.
You hit the boulder beetle but do no damage.
The boulder beetle is severely wounded.
You hit the boulder beetle but do no damage.
The boulder beetle is severely wounded.
The boulder beetle barely misses you.
You completely miss the boulder beetle.
The boulder beetle is severely wounded.
The boulder beetle leaps!
A boulder beetle is nearby!
You hit the boulder beetle but do no damage.
The boulder beetle is severely wounded.
The boulder beetle bites you!!
You barely miss the boulder beetle.
You headbutt the boulder beetle, but do no damage.
The boulder beetle is severely wounded.
The boulder beetle bites you!
You hit the boulder beetle.
The boulder beetle is severely wounded.
The boulder beetle bites you but does no damage.
You hit the boulder beetle but do no damage.
You headbutt the boulder beetle, but do no damage.
The boulder beetle is severely wounded.
The boulder beetle bites you!!
* * * LOW HITPOINT WARNING * * *
You hit the boulder beetle but do no damage.
You headbutt the boulder beetle.
The boulder beetle is severely wounded.
You hit the boulder beetle but do no damage.
Your headbutt misses the boulder beetle.
The boulder beetle is severely wounded.
The boulder beetle bites you but does no damage.
You hit the boulder beetle. You headbutt the boulder beetle.
The boulder beetle is severely wounded.
The boulder beetle bites you!!
You die...

..# #...##..##..#.# ###
#### #........# # ..>..
#.###..####### #
♣≈♣....#.###..##.....
##≈≈≈..........(.......
...≈≈....#.####.##.....
..♣P≈....#. ###†# .####
<..≈.......
#...##.#####. ..####.#
#..#.#.@B....§.. ..#
#......§§≈._.§≈≈ .....
##.#.#...§...§.. #####
.....#.§.≈≈.≈≈.≈ .
###.# #.≈.§§§.§§≈ # ...
#.≈≈≈§§≈≈≈≈ ..#
#......§... ..
#.≈≈≈≈.≈≈≈≈ ..≈...§..


You could see a boulder beetle.

Vanquished Creatures
  Harold (D:7)
  2 vault guards (Bailey)
  A manticore (D:8)
  A cyclops (D:8)
  2 trolls
  Prince Ribbit (Bailey)
  2 yaks (D:7)
  6 humans (Bailey)
  A water moccasin (D:7)
  A sky beast (D:7)
  6 ogres
  2 centaurs
  12 bullfrogs (Bailey)
  2 scorpions (D:5)
  2 water moccasin skeletons
  3 killer bees (D:8)
  An electric eel (D:8)
  A jelly (D:5)
  A wyvern simulacrum (D:8)
  2 orc priests
  2 centaur skeletons
  A bullfrog skeleton (D:5)
  3 orc wizards
  A merfolk avatar (Sewer)
  Terence (D:2)
  A merfolk siren (Sewer)
  A howler monkey skeleton (D:6)
  8 gnolls
  9 adders
  An ufetubus (D:8)
  An adder skeleton (D:4)
  4 worms
  A dart slug (D:3)
  10 orcs
  8 endoplasms
  7 giant cockroaches
  11 goblins
  10 hobgoblins
  3 jackals (D:4)
  8 kobolds
  5 quokkas
  8 ball pythons
  6 bats
  6 frilled lizards
  27 rats
193 creatures vanquished.

Notes
Turn   | Place    | Note
-------+----------+-------------------------------------------
     0 | D:1      | Peloso the Minotaur Fighter began the quest for the Orb.
     0 | D:1      | Reached XP level 1. HP: 19/19 MP: 0/0
   191 | D:1      | Reached XP level 2. HP: 27/27 MP: 1/1
   806 | D:2      | Found a faded altar of an unknown god.
   947 | D:2      | Reached XP level 3. HP: 32/33 MP: 2/2
  1157 | D:2      | Noticed Terence
  1164 | D:2      | Killed Terence
  1425 | D:3      | Reached XP level 4. HP: 39/41 MP: 3/3
  1451 | D:3      | Found a glowing silver altar of Zin.
  1591 | D:3      | You are sucked into a shaft and drop 3 floors!
  1604 | D:6      | Noticed a troll
  1615 | D:6      | Killed a troll
  1616 | D:6      | Reached skill level 5 in Long Blades
  1616 | D:6      | Reached skill level 5 in Armour
  1616 | D:6      | Reached skill level 1 in Dodging
  1616 | D:6      | Reached XP level 5. HP: 47/47 MP: 4/4
  1616 | D:6      | Reached XP level 6. HP: 53/53 MP: 5/5
  1637 | D:5      | Entered Level 5 of the Dungeon
  1766 | D:5      | Found a transporter.
  1925 | D:4      | Found a glowing drain.
  1934 | Sewer    | Entered a sewer
  2532 | D:4      | Reached skill level 5 in Fighting
  2532 | D:4      | Reached XP level 7. HP: 60/61 MP: 6/6
  3166 | D:4      | Identified the +9 hand axe of Sequestration {vorpal, Int+4
                  | Stlth+}
  3603 | D:3      | Found an iron altar of Okawaru.
  3603 | D:3      | Found an ornate altar of the Wu Jian Council.
  3832 | D:3      | Became a worshipper of Warmaster Okawaru
  4033 | D:5      | Reached skill level 1 in Axes
  4391 | D:5      | Reached skill level 2 in Axes
  4410 | D:5      | Reached * piety under Okawaru
  4411 | D:5      | Reached skill level 5 in Shields
  4495 | D:5      | Found a transporter.
  4495 | D:5      | Noticed kalagan's ghost (novice DECj)
  4525 | D:5      | Reached XP level 8. HP: 68/68 MP: 7/7
  4527 | D:5      | Reached skill level 3 in Axes
  5465 | D:6      | Reached skill level 4 in Axes
  5465 | D:6      | Reached skill level 1 in Stealth
  5958 | D:6      | Found a staircase to the Ecumenical Temple.
  6063 | D:6      | Found a runed translucent door.
  6064 | D:6      | Noticed Cral's ghost (novice DEFE)
  6210 | D:7      | Reached skill level 5 in Axes
  6244 | D:7      | Found a flagged portal.
  6382 | Bailey   | Entered a bailey
  6391 | Bailey   | Reached ** piety under Okawaru
  6392 | Bailey   | Reached skill level 6 in Axes
  6394 | Bailey   | Reached XP level 9. HP: 60/75 MP: 8/8
  6491 | Bailey   | Reached skill level 7 in Axes
  6808 | Bailey   | Reached *** piety under Okawaru
  6809 | Bailey   | Reached skill level 8 in Axes
  7005 | Bailey   | Noticed a vault guard
  7016 | Bailey   | Killed a vault guard
  7017 | Bailey   | Reached skill level 9 in Axes
  7017 | Bailey   | Reached skill level 5 in Dodging
  7017 | Bailey   | Reached XP level 10. HP: 65/84 MP: 6/9
  7108 | Bailey   | Noticed Prince Ribbit
  7108 | Bailey   | Noticed a vault guard
  7117 | Bailey   | Killed a vault guard
  7118 | Bailey   | Reached skill level 1 in Invocations
  7120 | Bailey   | Killed Prince Ribbit
  7120 | Bailey   | Reached **** piety under Okawaru
  7398 | D:7      | Noticed Faeu's ghost (novice MiBe)
  7534 | D:7      | Found a runed translucent door.
  7764 | D:7      | Noticed Harold
  7777 | D:7      | Killed Harold
  7778 | D:7      | Reached skill level 10 in Axes
  8256 | D:8      | Noticed a manticore
  8265 | D:8      | Killed a manticore
  8439 | D:8      | Noticed a cyclops
  8446 | D:8      | Killed a cyclops
  8446 | D:8      | Reached ***** piety under Okawaru
  8447 | D:8      | Reached skill level 11 in Axes
  8538 | D:8      | Reached skill level 10 in Armour
  8543 | D:8      | Found a broken altar of Ashenzari.
  8555 | D:8      | Noticed a boulder beetle
  8593 | D:8      | Demolished by a boulder beetle

Illustrated notes

Levels and vault maps discovered:
D:1:      dpeg_arrival_tiny_d, layout_basic
D:2:      layout_rooms, hellmonk_ecumenical_altar_pennies_from_heaven,
          minmay_box_of_dots, uniq_terence
D:3:      layout_basic, mainiacjoe_overflow_tiny_flanked,
          gammafunk_temple_overflow_wave
D:4:      layout_gridville, portal_sewer_entry_d, minmay_misc_feat_plants
D:5:      layout_layer_cave, gammafunk_ghost_hive, dk_vineyard_2
D:6:      layout_rooms, minmay_temple_entry_offerings,
          ebering_ghost_reflecting_pool, kennysheep_doodads
D:7:      layout_layer_cave, hellmonk_ghost_happy_afterlife, enter_bailey_5,
          uniq_harold
D:8:      layout_loops_cross, mainiacjoe_overflow_large_starburst, serial_ice,
          serial_ice_n, serial_ice_g, serial_ice_k, serial_ice_m, serial_ice_b,
          serial_ice_c, serial_bayou_pond_e, kb_rosetta

Skill      XL: |  1  2  3  4  5  6  7  8  9 10 |
---------------+-------------------------------+-----
Shields        | 4 5 6 7 |  7.1
Fighting       | 4 5 6 7 |  7.6
Armour         | 4 5 6 8 9 10 | 10.0
Long Blades    | 3 5 6 7 |  7.4
Dodging        | 1 2 3 5 |  5.7
Axes           | 2 6 9 11 | 11.0
Stealth        | 1 |  1.8
Invocations    | 1 |  1.9
Evocations     | |  0.2

Action                   |  1- 3 |  4- 6 |  7- 9 | 10-12 || total
-------------------------+-------+-------+-------+-------++-------
Melee: Long sword        |    56 |    96 |    30 |       ||   182
       Headbutt          |     7 |    22 |    44 |    28 ||   101
       Hand axe          |       |       |   157 |    89 ||   246
Invok: Heroism           |       |       |     5 |     2 ||     7
Evoke: Wand              |       |       |       |     3 ||     3
  Use: Scroll            |     4 |     2 |     4 |       ||    10
       Potion            |     2 |     1 |     3 |     1 ||     7
Armor: Scale mail        |    30 |    23 |    63 |       ||   116
       Chain mail        |       |       |       |    15 ||    15
Dodge: Dodged            |    31 |    68 |   140 |    42 ||   281
Block: Buckler           |     7 |    30 |    54 |    20 ||   111
